 Dungeon Crawl Stone Soup version 0.28-a0-1555-g9ae15a6949 (webtiles) character file.

Game seed: 18026152645433770151

423 HallandMoats the Skirmisher (level 6, 0/56 HPs)
             Began as a Ghoul Monk on Jan 19, 2022.
             Was a Priest of Okawaru.
             Slain by a scorpion (3 damage)
             ... on level 4 of the Dungeon.
             The game lasted 00:11:36 (4056 turns).

HallandMoats the Skirmisher (Ghoul Monk)            Turns: 4056, Time: 00:11:37

Health: 0/56       AC: 11    Str: 17    XL:     6   Next: 95%
Magic:  5/7        EV:  9    Int:  5    God:    Okawaru [***...]
Gold:   81         SH:  0    Dex: 11    Spells: 5/5 levels left

rFire   + . .      SeeInvis .   a - +3 rapier of Undoing {drain, rF+}
rCold   + . .      Faith    .   (no shield)
rNeg    + + +      Spirit   .   n - +0 chain mail
rPois   ∞          Reflect  .   i - +0 helmet
rElec   .          Harm     .   (no cloak)
rCorr   .          Rampage  .   (no gloves)
Will    .....                   (no boots)
Stlth   ..........              (no amulet)
HPRegen 0.00/turn               (no ring)
MPRegen 0.10/turn               (no ring)

@: mighty, brilliant, heroic, flying, inhibited regen
A: claws 1, cold resistance 1, negative energy resistance 3, inhibited
regeneration, torment resistance 2
a: Renounce Religion, Heroism


You were on level 4 of the Dungeon.
You worshipped Okawaru.
Okawaru was most pleased with you.
You visited 1 branch of the dungeon, and saw 7 of its levels.

You collected 81 gold pieces.

Inventory:

Hand Weapons
 a - the +3 rapier of Undoing (weapon) {drain, rF+}
   (You found it on level 3 of the Dungeon)

   A truly terrible weapon, it drains the life of any living foe it strikes.
   rF:        It protects you from fire.
 b - a +2 dagger of venom
Armour
 i - a +0 helmet (worn)
 n - a +0 chain mail (worn)
 o - a +1 cloak
 q - a +0 pair of gloves
Jewellery
 k - a +6 ring of strength
Scrolls
 c - a scroll of teleportation {unknown}
 g - a scroll of fear {unknown}
 h - 2 scrolls of magic mapping
 l - a scroll of identify {unknown}
 m - a scroll of blinking {unknown}
 p - a scroll of enchant weapon {unknown}
Potions
 e - a potion of brilliance
 j - a potion of curing {unknown}


   Skills:
 * Level 5.6(10.6) Fighting
 + Level 0.5(5.5) Axes
 + Level 2.3(7.3) Armour
 + Level 3.7(8.7) Dodging
 - Level 2.1(7.1) Stealth
 - Level 3.2(8.2) Unarmed Combat
 * Level 3.6 Invocations


You had 5 spell levels left.
You didn't know any spells.
Your spell library contained the following spells:

 Spells                   Type           Power      Damage    Failure   Level
 Stone Arrow              Conj/Erth      0%         3d7       100%        3
 Lehudib's Crystal Spear  Conj/Erth      0%         10d2      100%        8
 Animate Armour           Summ/Erth      Unusable   N/A       N/A         4

Dungeon Overview and Level Annotations

Branches:
Dungeon (7/15)
 Temple: D:4-7

Altars:
Gozag
Okawaru

Shops:
D:2 (=[**


Innate Abilities, Weirdness & Mutations

You thrive by killing the living.
You are immune to poison.
You have sharp fingernails.
Your flesh is cold resistant. (rC+)
You are immune to negative energy. (rN+++)
You do not regenerate when monsters are visible.
You are immune to unholy pain and torment.


Message History

* * * LOW HITPOINT WARNING * * *
The scorpion stings you but does no damage.
You feel like a meek peon again. The scorpion barely misses you.
Found an escape hatch in the ceiling.
Found a ruby potion.
The scorpion stings you.
* * * LOW HITPOINT WARNING * * *
There is an escape hatch in the ceiling here.
The scorpion stings you but does no damage.
The adder bites you but does no damage. A mysterious force pulls you upwards.
The hatch slams shut behind you.
The black bear growls angrily.
The scorpion stings you but does no damage.
The scorpion stings you.
* * * LOW HITPOINT WARNING * * *
Okay, then.
You gain the combat prowess of a mighty hero.
The adder bites you but does no damage.
The scorpion stings you but does no damage.
It was a potion of brilliance.
You feel clever all of a sudden. The adder closely misses you.
The scorpion stings you but does no damage.
The adder closely misses you.
It was a potion of flight.
You feel very buoyant.
You fly up into the air.
A howler monkey comes into view.
The scorpion stings you.
* * * LOW HITPOINT WARNING * * *
The black bear bites you.
* * * LOW HITPOINT WARNING * * *
The black bear barely misses you. The black bear closely misses you.
The adder bites you but does no damage.
It was a potion of might.
You feel very mighty all of a sudden.
The howler monkey howls!
The scorpion stings you.
You die...

..# ..### ##.......
....# #....h... ###.#
#........
###.######.......#
........##.......#
...####.##.......##
...####.##.....h..####..
.........+......@.......
†.......##......sS####..
...#######........# ...#
##.###...# ...# # ##..#
...# ##.. ...### #.#
.....# .. .....# ...


You could see a black bear, a scorpion, a howler monkey and an adder.

Vanquished Creatures
  A sky beast (D:4)
  A black bear (D:5)
  2 jellies (D:2)
  An iguana (D:4)
  Robin (D:3)
  3 adders
  An ufetubus (D:4)
  An adder skeleton (D:4)
  A worm (D:2)
  3 dart slugs
  5 ball pythons
  16 endoplasms
  5 giant cockroaches
  15 goblins
  10 hobgoblins
  2 jackals (D:2)
  4 quokkas
  6 bats
  4 frilled lizards
  13 kobolds
  5 rats
100 creatures vanquished.

Vanquished Creatures (others)
  A fungus (D:2)
  9 toadstools (D:2)
10 creatures vanquished.

Grand Total: 110 creatures vanquished

Notes
Turn   | Place    | Note
-------+----------+-------------------------------------------
     0 | D:1      | HallandMoats the Ghoul Monk began the quest for the Orb.
     0 | D:1      | Reached XP level 1. HP: 19/19 MP: 0/0
   522 | D:1      | Reached XP level 2. HP: 26/26 MP: 1/1
   974 | D:1      | Reached skill level 4 in Fighting
   974 | D:1      | Reached XP level 3. HP: 33/33 MP: 2/2
   991 | D:1      | Reached skill level 1 in Armour
  1055 | D:1      | Found a faded altar of an unknown god.
  1068 | D:1      | Prayed at the altar of an unknown god.
  1068 | D:1      | Became a worshipper of Warmaster Okawaru
  1068 | D:1      | Reached * piety under Okawaru
  1068 | D:1      | Reached ** piety under Okawaru
  1126 | D:2      | Found Faaq's Weapon Shoppe.
  1154 | D:2      | Found Wiyce's Armour Shoppe.
  1171 | D:2      | Found Nilyudyg's Jewellery Emporium.
  1331 | D:2      | Found Jaovaaku's Assorted Antiques.
  1355 | D:2      | Reached skill level 1 in Invocations
  1355 | D:2      | Reached XP level 4. HP: 38/40 MP: 3/3
  1595 | D:2      | Found Senuet's General Store.
  1771 | D:2      | Reached *** piety under Okawaru
  2279 | D:2      | Reached XP level 5. HP: 47/47 MP: 2/5
  2536 | D:3      | Noticed Robin
  2945 | D:3      | Killed Robin
  3108 | D:3      | Identified the +3 rapier of Undoing {drain, rF+}
  3141 | D:3      | Reached skill level 5 in Fighting
  3181 | D:3      | Identified the +7 short sword "Icsuhou" {vorpal, Drain rF+
                  | rN++ Int+3}
  3267 | D:3      | Found an opulent altar of Gozag.
  3592 | D:4      | Noticed a sky beast
  3637 | D:4      | Killed a sky beast
  3638 | D:4      | Reached XP level 6. HP: 21/56 MP: 3/7
  3954 | D:4      | You fall into a shaft and drop 3 floors!
  3971 | D:7      | Noticed a yak
  3971 | D:7      | Noticed a yak
  3971 | D:7      | Noticed a yak
  3971 | D:7      | Noticed a yak
  3972 | D:7      | Noticed a yak
  3983 | D:5      | Entered Level 5 of the Dungeon
  4022 | D:5      | Noticed a black bear
  4028 | D:5      | Killed a black bear
  4051 | D:4      | Noticed a black bear
  4056 | D:4      | Slain by a scorpion

Illustrated notes

Levels and vault maps discovered:
D:1:      dpeg_arrival_chambers_temple_mockup, layout_basic,
          shapermc_ecumenical_altar_pompeii
D:2:      cheibrodos_fertilizer, layout_basic, serial_shops, shop,
          nicolae_shop_temple_entry_statues_fountains, shop, shop,
          shop_fountains, minmay_misc_feat_secret_circle,
          chequers_serial_rivers_small_3, kennysheep_generic_room_10
D:3:      layout_rooms, nicolae_gozag_cash_rules_everything_around_me,
          uniq_robin
D:4:      layout_basic, minmay_small_thing
D:5:      layout_rooms, nicolae_elemental_shop, nicolae_shop_firing_range
D:6:      layout_basic, nicolae_ru_great_annihilating_truth,
          minmay_temple_entry_statues_fountains, minmay_manual_moon
D:7:      layout_cave_pods, evilmike_ruin_ashenzari, eino_curves_04

Skill      XL: |  1  2  3  4  5 |
---------------+----------------+-----
Fighting       | 4 5 |  5.6
Dodging        | 3 |  3.7
Armour         | 1 2 |  2.3
Invocations    | 1 2 3 |  3.6
Axes           | |  0.5
Stealth        | |  2.1
Unarmed Combat | |  3.2

Action                   |  1- 3 |  4- 6 || total
-------------------------+-------+-------++-------
Melee: Unarmed           |   112 |    96 ||   208
       Punch             |     2 |     5 ||     7
       Rapier            |       |    55 ||    55
       Dagger            |       |    21 ||    21
Invok: Heroism           |       |     6 ||     6
  Use: Potion            |       |     3 ||     3
       Scroll            |       |     2 ||     2
 Stab: Sleeping          |     4 |     1 ||     5
Armor: Robe              |    21 |    24 ||    45
       Chain mail        |       |    55 ||    55
Dodge: Dodged            |    76 |   110 ||   186

Table legend: (Time is in decaauts)
 A = Elapsed time spent in this place.
 B = Non-inter-level travel time spent in this place.
 C = Inter-level travel time spent in this place.
 D = Time resting spent in this place.
 E = Time spent auto-exploring this place.
 F = Levels seen in this place.
 G = Mean time per level.
                   A        B        C        D        E       F      G
               +--------+--------+--------+--------+--------+-----+--------+
         Total |   4056 |   3941 |    115 |    680 |   2438 |   7 |  579.4 |
       Dungeon |   4056 |   3941 |    115 |    680 |   2438 |   7 |  579.4 |
               +--------+--------+--------+--------+--------+-----+--------+

Top non-repeatable levels by time:
     D:2: 1806 daAuts
     D:1: 1110 daAuts
     D:3: 642 daAuts
     D:4: 401 daAuts
     D:5: 68 daAuts
     D:7: 19 daAuts
     D:6: 8 daAuts
